[Event "ICC tourney 2289 (45 10)"]
[Site "Internet Chess Club"]
[Date "2021.01.09"]
[Round "2"]
[White "Fuydestroyer"]
[Black "avbhosale"]
[Result "0-1"]
[ICCResult "White checkmated"]
[WhiteElo "129"]
[BlackElo "462"]
[Opening "King's pawn game"]
[ECO "C50"]
[NIC "IG.03"]
[Time "14:30:31"]
[PlyCount "58"]
[TimeControl "2700+10"]

1. e4 e5 2. Nf3 Nc6 3. Bc4 h6 4. O-O Nf6 5. Nc3 Bc5 6. d3 d6 7. Bd2 O-O 8.
Qe2 Qe7 9. Rad1 Re8 10. Rfe1 Bd7 11. Be3 Bxe3 12. Qxe3 Rad8 13. d4 exd4 14.
Nxd4 Ne5 15. Bb3 Nfg4 16. Qg3 c5 17. Ndb5 Bc8 18. Nxa7 Bd7 19. Nab5 Bxb5
20. Nxb5 c4 21. Bxc4 Nxc4 22. Qxg4 Nxb2 23. Rd4 Qe5 24. Qe2 Ra8 25. Rd5
Qxd5 26. exd5 Rxe2 27. Rxe2 Rxa2 28. Nxd6 Ra1+ 29. Re1 Rxe1# { White
checkmated } 0-1

[Event "ICC tourney 2289 (45 10)"]
[Site "Internet Chess Club"]
[Date "2021.01.09"]
[Round "2"]
[White "ruthvikal"]
[Black "BlueDuck"]
[Result "0-1"]
[ICCResult "White checkmated"]
[WhiteElo "197"]
[BlackElo "980"]
[Opening "Sicilian"]
[ECO "B50"]
[NIC "SI.01"]
[Time "14:30:36"]
[PlyCount "66"]
[TimeControl "2700+10"]

1. e4 c5 2. Nf3 d6 3. Bc4 Nf6 4. Nc3 g6 5. d4 cxd4 6. Nxd4 Bg7 7. f3 O-O 8.
Be3 Nc6 9. Nb3 Ne5 10. Be2 Be6 11. Nd4 Bc4 12. g4 e6 13. h4 Qa5 14. h5 d5
15. hxg6 dxe4 16. gxf7+ Kxf7 17. Qd2 Bxe2 18. Qxe2 Nd5 19. fxe4 Nxe3 20.
Qxe3 Nxg4 21. Qf4+ Ke7 22. Qg5+ Qxg5 23. Rxh7 Qe3+ 24. Kd1 Qxd4+ 25. Ke1
Qg1+ 26. Ke2 Qxa1 27. Rxg7+ Rf7 28. Rxg4 Raf8 29. Kd3 Qxb2 30. Kd4 Qb4+ 31.
Kd3 Rd8+ 32. Ke3 Qb6+ 33. Ke2 Qf2# { White checkmated } 0-1

[Event "ICC tourney 2289 (45 10)"]
[Site "Internet Chess Club"]
[Date "2021.01.09"]
[Round "2"]
[White "tarunsankar"]
[Black "Honeybrook"]
[Result "1-0"]
[ICCResult "Black resigns"]
[WhiteElo "861"]
[BlackElo "1332"]
[Opening "Pirc: classical (two knights) system"]
[ECO "B08"]
[NIC "PU.10"]
[Time "14:30:22"]
[PlyCount "65"]
[TimeControl "2700+10"]

1. e4 d6 2. d4 Nf6 3. Nc3 g6 4. Nf3 Bg7 5. Bc4 O-O 6. O-O Nxe4 7. Nxe4 d5
8. Bxd5 Qxd5 9. Nc3 Qd8 10. Bf4 c6 11. Qd2 Bg4 12. Ne5 Bf5 13. Rfe1 Nd7 14.
Nf3 Nf6 15. h3 Re8 16. Rad1 Qb6 17. b3 Rad8 18. Be3 Ne4 19. Nxe4 Bxe4 20.
Qe2 Qa5 21. Bd2 Bxf3 22. Qxf3 Qxa2 23. Bb4 Qxc2 24. Bxe7 Rxd4 25. Rxd4 Bxd4
26. Qf4 Bg7 27. Rc1 Qxb3 28. Qc7 Qb6 29. Qd7 Ra8 30. Re1 a5 31. Ba3 Rd8 32.
Re8+ Rxe8 33. Qxe8+ { Black resigns } 1-0

[Event "ICC tourney 2289 (45 10)"]
[Site "Internet Chess Club"]
[Date "2021.01.09"]
[Round "2"]
[White "srijanim"]
[Black "destoyer123"]
[Result "0-1"]
[ICCResult "White checkmated"]
[WhiteElo "611"]
[BlackElo "1223"]
[Opening "Giuoco Piano"]
[ECO "C50"]
[NIC "IG.02"]
[Time "14:30:47"]
[PlyCount "122"]
[TimeControl "2700+10"]

1. e4 e5 2. Nf3 Nc6 3. Bc4 Bc5 4. O-O Nf6 5. d3 d6 6. h3 h6 7. Nc3 O-O 8.
Re1 Be6 9. Nd5 Bxd5 10. Bxd5 Nxd5 11. exd5 Ne7 12. c4 Ng6 13. b3 Re8 14.
Bb2 Qf6 15. Rb1 Nh4 16. Bc3 Re7 17. a4 a6 18. b4 Ba7 19. Rb2 Rae8 20. Nxh4
Qxh4 21. Re4 Qf6 22. Rg4 g5 23. h4 Qf5 24. hxg5 hxg5 25. Qf3 Qg6 26. Qh3 f6
27. Re2 Kf7 28. Rg3 Bd4 29. Bxd4 exd4 30. Rxe7+ Rxe7 31. Rf3 g4 32. Rg3
gxh3 33. Rxg6 Kxg6 34. gxh3 Re1+ 35. Kg2 Ra1 36. a5 Ra3 37. Kf3 Rxd3+ 38.
Ke4 Rxh3 39. Kxd4 f5 40. c5 dxc5+ 41. bxc5 Rh7 42. d6 cxd6 43. cxd6 Rd7 44.
Kd5 Kf6 45. f4 Rh7 46. Kc5 Ke6 47. Kb6 Kxd6 48. Ka7 Kd5 49. Kb8 Ke4 50. Kc8
Kxf4 51. Kd8 Ke3 52. Ke8 f4 53. Kf8 f3 54. Kg8 f2 55. Kxh7 f1=Q 56. Kg7 Qf5
57. Kh8 Qg5 58. Kh7 Ke4 59. Kh8 Kf5 60. Kh7 Kf6 61. Kh8 Qg7# { White
checkmated } 0-1

[Event "ICC tourney 2289 (45 10)"]
[Site "Internet Chess Club"]
[Date "2021.01.09"]
[Round "2"]
[White "Sreshthaj"]
[Black "kookiefalcon"]
[Result "0-1"]
[ICCResult "White checkmated"]
[WhiteElo "1110"]
[BlackElo "871"]
[Opening "QGA: 3.e4"]
[ECO "D20"]
[NIC "QG.04"]
[Time "14:31:04"]
[PlyCount "70"]
[TimeControl "2700+10"]

1. d4 d5 2. c4 dxc4 3. e4 c5 4. d5 e6 5. Bxc4 Nf6 6. Nc3 exd5 7. exd5 Bd6
8. Nf3 O-O 9. O-O Bg4 10. Bg5 h6 11. Bh4 Nbd7 12. Ne4 Bf4 13. Bb5 g5 14.
Nxf6+ Nxf6 15. Bg3 Nxd5 16. Qd3 Bxg3 17. fxg3 Ne7 18. Qe4 Bxf3 19. Qxf3 a6
20. Bd3 b5 21. Qf6 Qxd3 22. Qxe7 Qd4+ 23. Kh1 c4 24. Rab1 Rae8 25. Qb7 Re2
26. Rg1 Rxb2 27. Rxb2 Qxb2 28. Qxa6 c3 29. Qxh6 Qd2 30. Qc6 c2 31. Qc5 Re8
32. Qxb5 Re1 33. Qb8+ Kh7 34. Qb6 Rxg1+ 35. Kxg1 c1=Q# { White checkmated }
0-1

[Event "ICC tourney 2289 (45 10)"]
[Site "Internet Chess Club"]
[Date "2021.01.09"]
[Round "2"]
[White "amka03"]
[Black "soreairplane"]
[Result "1/2-1/2"]
[ICCResult "Game drawn by mutual agreement"]
[WhiteElo "1061"]
[BlackElo "1140"]
[Opening "Sicilian defense"]
[ECO "B32"]
[NIC "SI.32"]
[Time "14:30:22"]
[PlyCount "82"]
[TimeControl "2700+10"]

1. e4 c5 2. Nf3 Nc6 3. d4 cxd4 4. Nxd4 d6 5. Nc3 a6 6. Bc4 e5 7. Nf3 Be7 8.
O-O Nf6 9. h3 O-O 10. Re1 Be6 11. Bb3 Na5 12. Be3 Nc4 13. Bxc4 Bxc4 14. Qd2
b5 15. a3 h6 16. Nh4 Nxe4 17. Nxe4 d5 18. Nf3 dxe4 19. Nxe5 Bd5 20. Rad1
Bb7 21. Qd7 Rb8 22. Bxh6 Qxd7 23. Rxd7 Bf6 24. Bf4 Bxe5 25. Bxe5 Bc6 26.
Rd6 Rbc8 27. Bc3 Rfd8 28. Rxd8+ Rxd8 29. Kh2 Kh7 30. Kg3 Kg6 31. Kf4 f6 32.
g4 Rh8 33. Kg3 Rd8 34. h4 Bb7 35. Re2 Kf7 36. Rd2 Rxd2 37. Bxd2 g6 38. Kf4
Ke6 39. h5 g5+ 40. Kg3 Kf7 41. f4 exf3 { Game drawn by mutual agreement }
1/2-1/2

[Event "ICC tourney 2289 (45 10)"]
[Site "Internet Chess Club"]
[Date "2021.01.09"]
[Round "2"]
[White "kartsicc"]
[Black "cadenhkim"]
[Result "1-0"]
[ICCResult "Black resigns"]
[WhiteElo "988"]
[BlackElo "1158"]
[Opening "Caro-Kann: Panov-Botvinnik attack"]
[ECO "B13"]
[NIC "CK.03"]
[Time "14:30:35"]
[PlyCount "107"]
[TimeControl "2700+10"]

1. e4 c6 2. d4 d5 3. exd5 cxd5 4. c4 Nf6 5. Nc3 Bf5 6. Nf3 Nbd7 7. cxd5 Nb6
8. Bb5+ Nbd7 9. Ne5 a6 10. Bxd7+ Bxd7 11. Qf3 g6 12. Bg5 Bg7 13. Bxf6 Bxf6
14. Ne4 Bxe5 15. dxe5 Bf5 16. Nc3 Qc7 17. Qe3 O-O 18. O-O Rac8 19. Rac1
Rfd8 20. Rfd1 Qc5 21. Qxc5 Rxc5 22. b4 Rc4 23. a3 b5 24. f3 h5 25. Ne2 Rxc1
26. Nxc1 Bc8 27. Ne2 e6 28. d6 f6 29. f4 fxe5 30. fxe5 Kf7 31. Ng3 Bb7 32.
Rf1+ Kg7 33. Rf6 Bd5 34. Nf1 Rd7 35. Ne3 Bb3 36. Kf2 Rf7 37. Rxf7+ Kxf7 38.
Ke2 Ke8 39. Kd3 Ba2 40. Kd4 Kd7 41. Kc5 Bb3 42. Kb6 Ba2 43. Kxa6 Kc6 44. d7
Kxd7 45. Kxb5 Bb1 46. a4 Bd3+ 47. Nc4 Kc7 48. a5 Kb7 49. Kc5 Kc7 50. Nd6 g5
51. Ne8+ Kd7 52. Nf6+ Ke7 53. b5 h4 54. a6 { Black resigns } 1-0

[Event "ICC tourney 2289 (45 10)"]
[Site "Internet Chess Club"]
[Date "2021.01.09"]
[Round "2"]
[White "aiden004"]
[Black "DevajVadher"]
[Result "0-1"]
[ICCResult "White checkmated"]
[WhiteElo "1210"]
[BlackElo "826"]
[Opening "Caro-Kann defense"]
[ECO "B15"]
[NIC "CK.05"]
[Time "14:30:35"]
[PlyCount "104"]
[TimeControl "2700+10"]

1. e4 c6 2. d4 d5 3. Nc3 e6 4. exd5 cxd5 5. Nf3 Nc6 6. Be2 Nf6 7. O-O Bd6
8. h3 O-O 9. Bg5 h6 10. Bh4 Bd7 11. Re1 a6 12. Bd3 Rc8 13. Ne5 Be7 14. Nxc6
Bxc6 15. Bg3 Qb6 16. Rb1 Kh8 17. Be5 Nd7 18. Qe2 Nxe5 19. dxe5 f6 20. Rf1
fxe5 21. Qxe5 Bc5 22. Nd1 Rf6 23. a3 Rcf8 24. Qe2 Bxa3 25. Ne3 Bc5 26. Ng4
R6f7 27. Bg6 Rf4 28. g3 Rf3 29. Kh1 Bb5 30. Bd3 Bxd3 31. cxd3 Bxf2 32. Ne5
Rxg3 33. Kh2 Rg5 34. Nf3 Bg3+ 35. Kh1 Rh5 36. Qg2 Bc7 37. Rg1 Rf7 38. Rbf1
g6 39. Ne5 Rxf1 40. Nxg6+ Kg8 41. Ne5+ Kf8 42. Rxf1+ Ke7 43. Qg7+ Kd6 44.
Nf7+ Kc5 45. Rc1+ Kb5 46. Qg4 Qe3 47. Rg1 Rxh3+ 48. Kg2 Rg3+ 49. Qxg3 Qxg3+
50. Kf1 Qf3+ 51. Ke1 Ba5+ 52. b4 Bxb4# { White checkmated } 0-1

[Event "ICC tourney 2289 (45 10)"]
[Site "Internet Chess Club"]
[Date "2021.01.09"]
[Round "2"]
[White "oxdidi"]
[Black "aWildNateDawg"]
[Result "0-1"]
[ICCResult "White resigns"]
[WhiteElo "959"]
[BlackElo "1109"]
[Opening "Two knights defense (Modern bishop's opening)"]
[ECO "C55"]
[NIC "IG.01"]
[Time "14:30:23"]
[PlyCount "134"]
[TimeControl "2700+10"]

1. e4 e5 2. Nf3 Nc6 3. Bc4 Nf6 4. d3 Be7 5. c3 O-O 6. Nbd2 d6 7. h3 Be6 8.
Bb3 Qd7 9. O-O h6 10. Re1 Bxb3 11. axb3 a5 12. Nf1 b6 13. Ng3 Rfe8 14. Be3
Bf8 15. Qd2 d5 16. Nf5 Kh7 17. Ng3 dxe4 18. dxe4 Qxd2 19. Bxd2 Rad8 20. Be3
Nd7 21. Rad1 Nc5 22. Bxc5 Bxc5 23. Rd2 f6 24. Red1 Rxd2 25. Rxd2 Rd8 26.
Rxd8 Nxd8 27. Kf1 Nc6 28. Nf5 g6 29. Ng3 Kg7 30. Ne2 h5 31. h4 Nd8 32. Ne1
Ne6 33. Nc2 Kf7 34. b4 axb4 35. cxb4 Bd6 36. Ke1 Ke7 37. Kd2 Nd8 38. Nc3
Nc6 39. b5 Na5 40. Kd3 Nb3 41. Nd5+ Ke6 42. Kc3 Nc5 43. f3 Nb7 44. Kc4 Na5+
45. Kc3 Nb7 46. Kb3 Na5+ 47. Kc3 Nb7 48. b4 Nd8 49. Kc4 Nf7 50. Kd3 f5 51.
Ke3 f4+ 52. Kf2 g5 53. hxg5 Nxg5 54. g3 fxg3+ 55. Kxg3 h4+ 56. Kxh4 Nxf3+
57. Kg4 Nd4 58. Nxd4+ exd4 59. Kf3 Ke5 60. Ke2 Kxe4 61. Nf6+ Ke5 62. Ne8
Kd5 63. Kd3 Be5 64. Kc2 Kc4 65. Kd1 Kxb4 66. Kd2 Kxb5 67. Kd3 c5 { White
resigns } 0-1

[Event "ICC tourney 2289 (45 10)"]
[Site "Internet Chess Club"]
[Date "2021.01.09"]
[Round "3"]
[White "Nikunjmore"]
[Black "EthanDember"]
[Result "1-0"]
[ICCResult "Black resigns"]
[WhiteElo "672"]
[BlackElo "1030"]
[Opening "Sicilian defense"]
[ECO "B33"]
[NIC "SI.32"]
[Time "17:01:11"]
[PlyCount "27"]
[TimeControl "2700+10"]

1. e4 c5 2. Nf3 Nc6 3. d4 cxd4 4. Nxd4 Nf6 5. Nxc6 bxc6 6. Bd3 Bb7 7. Nc3
d5 8. Qe2 d4 9. Na4 Qa5+ 10. Bd2 Qxa4 11. e5 Nd7 12. a3 e6 13. b3 c5 14.
bxa4 { Black resigns } 1-0

[Event "ICC tourney 2289 (45 10)"]
[Site "Internet Chess Club"]
[Date "2021.01.09"]
[Round "3"]
[White "avbhosale"]
[Black "Harithaananth"]
[Result "1-0"]
[ICCResult "Black checkmated"]
[WhiteElo "462"]
[BlackElo "1087"]
[Opening "King's pawn game"]
[ECO "C50"]
[NIC "IG.03"]
[Time "17:01:11"]
[PlyCount "89"]
[TimeControl "2700+10"]

1. e4 e5 2. Nf3 Nc6 3. Bc4 Nd4 4. Nxd4 exd4 5. Qf3 Qf6 6. Qxf6 Nxf6 7. d3
c6 8. O-O Be7 9. c3 b5 10. Bb3 c5 11. cxd4 cxd4 12. e5 Nh5 13. g4 Nf6 14.
exf6 Bxf6 15. Nd2 O-O 16. Kh1 Bb7+ 17. Kg1 Rfe8 18. a4 Bc6 19. axb5 Bxb5
20. Nc4 Bxc4 21. Bxc4 Re5 22. f4 Ree8 23. g5 Bd8 24. f5 Kf8 25. g6 hxg6 26.
fxg6 Re7 27. Bxf7 Bc7 28. Bg5 Re5 29. Bd5+ Ke8 30. Bxa8 Rxg5+ 31. Kh1 Rh5
32. Rf2 Bg3 33. Rg2 Bc7 34. Rxa7 Be5 35. Bf3 Rh6 36. Re2 d6 37. Rxg7 Kf8
38. Rf7+ Kg8 39. Bd5 Kh8 40. Rg2 Bg7 41. Rd7 Rh3 42. Rd8+ Bf8 43. Rxf8+ Kg7
44. Rf7+ Kh6 45. Rh7# { Black checkmated } 1-0

[Event "ICC tourney 2289 (45 10)"]
[Site "Internet Chess Club"]
[Date "2021.01.09"]
[Round "3"]
[White "YoungPony"]
[Black "ruthvikal"]
[Result "0-1"]
[ICCResult "White checkmated"]
[WhiteElo "997"]
[BlackElo "197"]
[Opening "Queen's pawn, Mason variation"]
[ECO "D00"]
[NIC "QP.08"]
[Time "17:01:20"]
[PlyCount "84"]
[TimeControl "2700+10"]

1. d4 d5 2. Bf4 e6 3. e3 c5 4. c3 Nf6 5. Bd3 Be7 6. Nf3 O-O 7. O-O Nc6 8.
Nbd2 Re8 9. Bb1 Nh5 10. Qc2 g6 11. Bg3 a6 12. Ne5 Nxg3 13. fxg3 Nxe5 14.
dxe5 b5 15. Nf3 Bb7 16. Qf2 Rf8 17. Bc2 Rc8 18. Rad1 Qb6 19. Nd2 c4 20. e4
Bc5 21. exd5 Bxf2+ 22. Rxf2 exd5 23. Nf3 Rfe8 24. Rf1 f6 25. exf6 Qxf6 26.
Nh4 Qb6 27. Nf3 Re2 28. Nd4 Rxf2 29. Rxf2 b4 30. a4 bxc3 31. bxc3 Qb2 32.
Bxg6 Qxc3 33. Bf7+ Kh8 34. Ne6 Qc1+ 35. Rf1 Qe3+ 36. Rf2 c3 37. Bh5 Qxe6
38. h3 Qe3 39. Bg4 c2 40. Bxc8 c1=Q+ 41. Kh2 Qxf2 42. Bxb7 Qcg1# { White
checkmated } 0-1

[Event "ICC tourney 2289 (45 10)"]
[Site "Internet Chess Club"]
[Date "2021.01.09"]
[Round "3"]
[White "cadenhkim"]
[Black "aiden004"]
[Result "0-1"]
[ICCResult "White checkmated"]
[WhiteElo "1158"]
[BlackElo "1210"]
[Opening "French: exchange variation"]
[ECO "C01"]
[NIC "FR.01"]
[Time "17:01:11"]
[PlyCount "72"]
[TimeControl "2700+10"]

1. e4 e6 2. d4 d5 3. exd5 exd5 4. Nc3 Nf6 5. Bf4 Bb4 6. a3 Ba5 7. b4 Bb6 8.
Nge2 a6 9. h3 Nc6 10. Qd2 O-O 11. g4 Qe7 12. O-O-O a5 13. Na2 axb4 14. Re1
b3 15. Nb4 Nxb4 16. Qxb4 Qxb4 17. axb4 Ra1+ 18. Kd2 Ne4+ 19. Ke3 Rxe1 20.
Bg2 Rxh1 21. Bxh1 b2 22. Bxe4 dxe4 23. Nc3 Rd8 24. Be5 f6 25. Bxc7 Bxc7 26.
Kxe4 Bb6 27. d5 Re8+ 28. Kd3 Re5 29. Kc4 Re1 30. Kb5 Bd4 31. d6 Bxc3 32.
Kb6 b1=Q 33. Kc7 Qxb4 34. Kxc8 Qxd6 35. Kxb7 Re7+ 36. Kc8 Qc7# { White
checkmated } 0-1

[Event "ICC tourney 2289 (45 10)"]
[Site "Internet Chess Club"]
[Date "2021.01.09"]
[Round "3"]
[White "joefiler"]
[Black "Fuydestroyer"]
[Result "1-0"]
[ICCResult "Black checkmated"]
[WhiteElo "654"]
[BlackElo "129"]
[Opening "Sicilian: Tartakower variation"]
[ECO "B53"]
[NIC "SI.01"]
[Time "17:01:14"]
[PlyCount "121"]
[TimeControl "2700+10"]

1. e4 c5 2. Nf3 d6 3. d4 cxd4 4. c3 dxc3 5. Nxc3 Nf6 6. g3 g6 7. Bg2 Bg7 8.
Bd2 Nc6 9. Rc1 Bd7 10. O-O Rc8 11. a3 a6 12. b4 O-O 13. Be3 Ng4 14. Nd5 e6
15. Bb6 Qe8 16. Nc7 Qe7 17. Nh4 f5 18. e5 Ngxe5 19. f4 Ng4 20. Nf3 Rxc7 21.
Bxc7 Ne3 22. Qxd6 Qxd6 23. Bxd6 Nxf1 24. Bxf8 Kxf8 25. Rxf1 b6 26. Ng5 Bd4+
27. Kh1 Kg8 28. Rd1 Be8 29. Nxe6 Be3 30. Bd5 Kh8 31. Nc7 Bd7 32. Be6 Bxe6
33. Nxe6 Kg8 34. Rd7 h6 35. Rd6 Ne7 36. Rd8+ Kf7 37. Nc7 a5 38. Rd7 axb4
39. axb4 g5 40. Nd5 Ke6 41. Rxe7+ Kxd5 42. Rxe3 gxf4 43. gxf4 Kc4 44. Re5
Kxb4 45. Rxf5 b5 46. Kg2 Ka4 47. Kf2 b4 48. Ke2 b3 49. Kd2 Ka3 50. Kc3 Ka2
51. Ra5+ Kb1 52. Kxb3 Kc1 53. Rd5 h5 54. f5 h4 55. f6 h3 56. Kc4 Kc2 57. f7
Kb2 58. f8=Q Kc1 59. Kc3 Kb1 60. Qf1+ Ka2 61. Ra5# { Black checkmated } 1-0

[Event "ICC tourney 2289 (45 10)"]
[Site "Internet Chess Club"]
[Date "2021.01.09"]
[Round "3"]
[White "DevajVadher"]
[Black "catcity"]
[Result "0-1"]
[ICCResult "White checkmated"]
[WhiteElo "826"]
[BlackElo "1239"]
[Opening "Four knights: Italian variation"]
[ECO "C55"]
[NIC "IG.01"]
[Time "17:01:12"]
[PlyCount "108"]
[TimeControl "2700+10"]

1. e4 e5 2. Nf3 Nc6 3. Bc4 Nf6 4. Nc3 Bb4 5. d3 h6 6. O-O Bxc3 7. bxc3 O-O
8. Re1 Re8 9. h3 d5 10. exd5 Nxd5 11. d4 Nxc3 12. Qd3 exd4 13. Rxe8+ Qxe8
14. Nxd4 Qe1+ 15. Kh2 Qe5+ 16. Kg1 Qxd4 17. Qxd4 Nxd4 18. Bb2 Nce2+ 19. Kh2
Be6 20. Bd3 Bf5 21. Bc4 Nxc2 22. Rd1 Nf4 23. Be5 Ne6 24. Bxe6 Bxe6 25. Bxc7
Bxa2 26. Rd2 Bb3 27. Rd3 Ba4 28. Rd8+ Rxd8 29. Bxd8 b5 30. Ba5 b4 31. Kg3
b3 32. Bc3 Ne1 33. Kf4 Nd3+ 34. Ke3 b2 35. Bxb2 Nxb2 36. g4 a5 37. Kd4 Bd7
38. Kc3 Nd1+ 39. Kb3 Nxf2 40. Kc4 Nxh3 41. Kc5 Nf2 42. Kd6 a4 43. Kxd7 a3
44. Ke7 a2 45. Kd6 a1=Q 46. Kd7 Qf6 47. g5 hxg5 48. Ke8 Qe6+ 49. Kd8 Kf8
50. Kc7 Ke7 51. Kb8 Qd7 52. Ka8 Kd6 53. Kb8 Kc6 54. Ka8 Qb7# { White
checkmated } 0-1

[Event "ICC tourney 2289 (45 10)"]
[Site "Internet Chess Club"]
[Date "2021.01.09"]
[Round "3"]
[White "notarnav"]
[Black "tarunsankar"]
[Result "0-1"]
[ICCResult "White checkmated"]
[WhiteElo "1192"]
[BlackElo "861"]
[Opening "French: advance, Paulsen attack"]
[ECO "C02"]
[NIC "FR.03"]
[Time "17:01:54"]
[PlyCount "54"]
[TimeControl "2700+10"]

1. e4 e6 2. d4 d5 3. e5 c5 4. c3 Nc6 5. Nf3 Qb6 6. Be2 cxd4 7. Nxd4 Nxe5 8.
O-O Bc5 9. Kh1 Nf6 10. f4 Nc6 11. Nb3 Ne4 12. Nxc5 Qxc5 13. Qe1 O-O 14. Bd3
Nf6 15. Be3 Qd6 16. Nd2 d4 17. cxd4 Nxd4 18. Qf2 Nc6 19. Bb5 b6 20. Rfd1
Rd8 21. Qf3 Bb7 22. Ne4 Qxd1+ 23. Rxd1 Rxd1+ 24. Qxd1 Nxe4 25. Qd7 Rd8 26.
Qxb7 Rd1+ 27. Bg1 Nf2# { White checkmated } 0-1

[Event "ICC tourney 2289 (45 10)"]
[Site "Internet Chess Club"]
[Date "2021.01.09"]
[Round "3"]
[White "salamenceg"]
[Black "kookiefalcon"]
[Result "1/2-1/2"]
[ICCResult "Game drawn by repetition"]
[WhiteElo "1080"]
[BlackElo "871"]
[Opening "Ruy Lopez: exchange variation, 5.O-O"]
[ECO "C68"]
[NIC "RL.08"]
[Time "17:01:10"]
[PlyCount "118"]
[TimeControl "2700+10"]

1. e4 e5 2. Nf3 Nc6 3. Bb5 a6 4. Bxc6 dxc6 5. O-O Bd6 6. Nc3 Nf6 7. d3 h6
8. Re1 O-O 9. d4 exd4 10. Nxd4 Be5 11. Nf3 Bxc3 12. Qxd8 Rxd8 13. bxc3 Re8
14. e5 Nd7 15. Bf4 Nb6 16. Nd4 Nd5 17. Bd2 c5 18. Nb3 b6 19. c4 Ne7 20. a4
a5 21. f4 Be6 22. Re4 Nc6 23. Bc3 Rad8 24. Rf1 Bf5 25. Re2 f6 26. Rfe1 fxe5
27. fxe5 Nb4 28. Bxb4 axb4 29. a5 bxa5 30. Nxa5 Ra8 31. Nb7 Ra2 32. Nxc5
Rxc2 33. Rxc2 Bxc2 34. Re3 b3 35. Nxb3 Bxb3 36. Rxb3 Rxe5 37. Kf2 Kf7 38.
Rf3+ Ke6 39. Re3 Rxe3 40. Kxe3 Kd6 41. Kd4 c5+ 42. Ke4 Ke6 43. Kf4 g5+ 44.
Ke4 h5 45. g3 g4 46. Kf4 Kf6 47. Ke4 Ke6 48. Kf4 Kf6 49. Ke3 Ke5 50. Kd3
Kf5 51. Ke3 Ke5 52. Kd3 Kf5 53. Ke3 Ke5 54. Kd3 Kf5 55. Ke3 Ke5 56. Kd3 Kf5
57. Ke3 Ke5 58. Kd3 Kf5 59. Ke3 Ke5 { Game drawn by repetition } 1/2-1/2

[Event "ICC tourney 2289 (45 10)"]
[Site "Internet Chess Club"]
[Date "2021.01.09"]
[Round "3"]
[White "aWildNateDawg"]
[Black "VN10"]
[Result "1-0"]
[ICCResult "Black resigns"]
[WhiteElo "1109"]
[BlackElo "948"]
[Opening "Ruy Lopez: Berlin defense, 4.O-O"]
[ECO "C65"]
[NIC "RL.07"]
[Time "17:01:10"]
[PlyCount "75"]
[TimeControl "2700+10"]

1. e4 e5 2. Nf3 Nc6 3. Bb5 Nf6 4. O-O Be7 5. Nc3 d6 6. d4 O-O 7. Bxc6 bxc6
8. dxe5 dxe5 9. Qxd8 Rxd8 10. Nxe5 Bb7 11. a3 Bd6 12. Nf3 Re8 13. Nd2 c5
14. f3 Ba6 15. Re1 Be5 16. Nb3 Bd4+ 17. Nxd4 cxd4 18. Ne2 d3 19. cxd3 Bxd3
20. Bg5 Nd5 21. Kf2 Bxe2 22. Rxe2 Nb6 23. Rc1 Rec8 24. Rec2 Na4 25. b3 Nb6
26. Rxc7 Rxc7 27. Rxc7 a5 28. Be3 Nc8 29. Bc5 h6 30. Ke3 Kh7 31. Rxf7 Kg6
32. Rc7 Kf6 33. Bd4+ Ke6 34. Rxg7 Ne7 35. Rh7 Rb8 36. Rxh6+ Kd7 37. Rb6 Rh8
38. Bxh8 { Black resigns } 1-0

[Event "ICC tourney 2289 (45 10)"]
[Site "Internet Chess Club"]
[Date "2021.01.09"]
[Round "3"]
[White "BlueDuck"]
[Black "srihassm"]
[Result "0-1"]
[ICCResult "White checkmated"]
[WhiteElo "980"]
[BlackElo "590"]
[Opening "KGA: Cunningham defense"]
[ECO "C35"]
[NIC "KG.02"]
[Time "17:02:03"]
[PlyCount "118"]
[TimeControl "2700+10"]

1. e4 e5 2. f4 exf4 3. Nf3 Be7 4. Bc4 Bh4+ 5. Kf1 Be7 6. d4 c6 7. Bxf7+
Kxf7 8. Ne5+ Kf8 9. Qh5 Qe8 10. Qf5+ Nf6 11. Ng4 d6 12. Nxf6 Bxf6 13. Qxf4
Kg8 14. c3 Qf7 15. Ke1 Qg6 16. Rg1 h6 17. Nd2 Bg5 18. Qf1 Bxd2+ 19. Kxd2
Qxe4 20. Qc4+ d5 21. Qf1 Bf5 22. Qd1 Qf4+ 23. Ke1 Qe4+ 24. Kf2 Bg4 25. Qd2
Kh7 26. Re1 Rf8+ 27. Kg1 Qf5 28. Qe3 Nd7 29. Bd2 Rae8 30. Qg3 Rxe1+ 31.
Rxe1 Be2 32. h3 Nb6 33. Kh2 Qd3 34. Qd6 Re8 35. Bxh6 Qe4 36. Bxg7 Kxg7 37.
Qg3+ Qg6 38. Qc7+ Kf8 39. Qf4+ Qf7 40. Qh6+ Kg8 41. Qg5+ Qg7 42. Qd2 Nc4
43. Qc2 Re3 44. Rxe2 Qg3+ 45. Kg1 Rxe2 46. Qxe2 Qe3+ 47. Qxe3 Nxe3 48. Kf2
Nd1+ 49. Kf3 Nxb2 50. Kf4 Nd1 51. g4 Nxc3 52. Kf5 Nxa2 53. h4 b5 54. h5 b4
55. Kg6 b3 56. h6 b2 57. h7+ Kh8 58. Kh6 b1=Q 59. g5 Qxh7# { White
checkmated } 0-1

[Event "ICC tourney 2289 (45 10)"]
[Site "Internet Chess Club"]
[Date "2021.01.09"]
[Round "3"]
[White "destoyer123"]
[Black "Douglas1"]
[Result "1-0"]
[ICCResult "Black checkmated"]
[WhiteElo "1223"]
[BlackElo "876"]
[Opening "Giuoco Piano"]
[ECO "C54"]
[NIC "IG.02"]
[Time "17:01:16"]
[PlyCount "159"]
[TimeControl "2700+10"]

1. e4 e5 2. Nf3 Nc6 3. Bc4 Bc5 4. c3 Nf6 5. d3 h6 6. O-O O-O 7. Nbd2 d6 8.
Re1 Ng4 9. Rf1 Na5 10. b4 Nxc4 11. Nxc4 Bb6 12. h3 Nf6 13. Be3 Be6 14. Nxb6
axb6 15. a4 c5 16. Qd2 cxb4 17. c4 b3 18. Qb4 Ra6 19. Qxb3 Nd7 20. Qa3 Nc5
21. Bxc5 bxc5 22. Rfb1 b6 23. Qb3 Bd7 24. Rb2 Qa8 25. Rba2 Rb8 26. Nd2 Rb7
27. Nb1 Rba7 28. Nc3 Bc6 29. Kf1 Kf8 30. Ke2 Bd7 31. f3 f6 32. g4 Kf7 33.
Nb5 Bxb5 34. cxb5+ c4 35. Qxc4+ d5 36. Qxd5+ Qxd5 37. exd5 Ra5 38. Ke3 g6
39. f4 exf4+ 40. Kxf4 Re7 41. Rc1 g5+ 42. Kf3 Ra8 43. Rc6 Rae8 44. d6 Re3+
45. Kf2 Rxd3 46. Re2 Rxe2+ 47. Kxe2 Rd4 48. Rxb6 Rxa4 49. Rb7+ Ke8 50. Rh7
Rb4 51. Rxh6 Rxb5 52. Rxf6 Kd7 53. Ke3 Rb3+ 54. Ke4 Rxh3 55. Kf5 Rf3+ 56.
Kxg5 Rd3 57. Kh6 Rxd6 58. Rxd6+ Kxd6 59. g5 Ke7 60. Kh7 Kf7 61. g6+ Kf8 62.
g7+ Kf7 63. g8=Q+ Kf6 64. Kh6 Ke5 65. Qf7 Kd4 66. Qe6 Kc5 67. Qd7 Kc4 68.
Qd6 Kc3 69. Qd5 Kc2 70. Qd4 Kb3 71. Qc5 Kb2 72. Qc4 Kb1 73. Qc3 Ka2 74. Qb4
Ka1 75. Kg5 Ka2 76. Kf4 Ka1 77. Ke3 Ka2 78. Kd2 Ka1 79. Kc2 Ka2 80. Qb2# {
Black checkmated } 1-0

[Event "ICC tourney 2289 (45 10)"]
[Site "Internet Chess Club"]
[Date "2021.01.09"]
[Round "3"]
[White "SGOLD9367"]
[Black "amka03"]
[Result "1-0"]
[ICCResult "Black checkmated"]
[WhiteElo "1210"]
[BlackElo "1061"]
[Opening "QGA, 4.Nc3"]
[ECO "D24"]
[NIC "QG.05"]
[Time "17:01:11"]
[PlyCount "83"]
[TimeControl "2700+10"]

1. d4 d5 2. c4 dxc4 3. Nf3 Nf6 4. Nc3 e6 5. Bg5 Be7 6. e3 Nc6 7. Bxc4 O-O
8. O-O b6 9. Qe2 h6 10. Bh4 a6 11. Rad1 b5 12. Bb3 Na5 13. Bc2 Bb7 14. Rd3
Ne4 15. Bxe7 Nxc3 16. Rxc3 Qxe7 17. Ne5 Qd6 18. f3 Nc6 19. Nxc6 Bxc6 20.
Rc1 Bd5 21. Qd3 g6 22. e4 Bc4 23. Qe3 e5 24. d5 Qb4 25. b3 Be2 26. Rxc7 Qd4
27. Kf2 Qb2 28. Kxe2 Qxa2 29. Qxh6 b4 30. Qd2 Qa5 31. Bb1 Qb5+ 32. Bd3 Qb6
33. R1c6 Qg1 34. Qe1 Qxg2+ 35. Qf2 Qg5 36. d6 Qd8 37. Qg3 Re8 38. Bc4 Qf6
39. Rxf7 Qxf7 40. Qxg6+ Kh8 41. Bxf7 Red8 42. Qh6# { Black checkmated } 1-0